 Dungeon Crawl Stone Soup version 0.26-a0-576-gcfaa98f945 (webtiles) character file.

Game seed: 8551987409656686145

6258 ReteAZ the Fighter (level 10, -3/109 HPs)
             Began as an Ogre Hunter on Aug 22, 2020.
             Was an Elder of Hepliaklqana.
             Slain by a guardian serpent (8 damage)
             ... on level 10 of the Dungeon.
             The game lasted 00:19:33 (11891 turns).

ReteAZ the Fighter (Ogre Hunter)                   Turns: 11891, Time: 00:19:34

Health: -3/109     AC:  8    Str: 21    XL:     10   Next: 93%
Magic:  10/10      EV: 17    Int: 12    God:    Hepliaklqana [****..]
Gold:   672        SH:  0    Dex:  9    Spells: 9/9 levels left

rFire    . . .     SeeInvis +   V - +0 giant spiked club (curse)
rCold    + + +     Faith    .   (shield currently unavailable)
rNeg     . . .     Spirit   .   R - +0 acid dragon scales
rPois    .         Reflect  .   (helmet restricted)
rElec    .         Harm     .   b - +0 cloak of Forking Paths {rC++ SInv} (curse)
rCorr    +                      (gloves unavailable)
MR       +....                  (boots unavailable)
Stlth    +.........             B - amulet of regeneration
HPRegen  0.68/turn              M - +4 ring of evasion
MPRegen  0.12/turn              W - ring of protection from cold

@: slowed, very slow
A: large, unfitting armour, reduced essence, tough skin 1
a: Recall Ancestor, Ancestor Identity, Transference, Idealise, Renounce Religion


You were on level 10 of the Dungeon.
You worshipped Hepliaklqana.
Hepliaklqana was greatly pleased with you.
You visited 2 branches of the dungeon, and saw 11 of its levels.

You collected 742 gold pieces.
You spent 70 gold pieces at shops.

Inventory:

Hand Weapons
 a - a +0 short sword
 h - a +1 dagger of draining
 C - a +2 dagger of venom
 F - a +3 long sword
 G - a +0 short sword of electrocution
 Q - a +1 halberd of flaming
 V - a cursed +0 giant spiked club (weapon)
 Z - a +1 scimitar of flaming
Missiles
 c - 9 large rocks
 d - 6 throwing nets
 o - 20 boomerangs (quivered)
 p - 21 poisoned darts
 N - 4 javelins
Armour
 b - the cursed +0 cloak of Forking Paths (worn) {rC++ SInv}
   (You found it on level 9 of the Dungeon)

   It greatly protects you from cold.
   It lets you see invisible.
   It has a curse placed upon it.
 K - a scarf of resistance
 R - +0 acid dragon scales (worn)
Jewellery
 B - an amulet of regeneration (around neck)
 E - an uncursed amulet of the acrobat {unknown}
 I - an uncursed amulet of reflection {unknown}
 M - a +4 ring of evasion (left hand)
 W - a ring of protection from cold (right hand)
Wands
 w - a wand of paralysis (12)
 x - a wand of enslavement (10)
 A - a wand of digging (6)
 L - a wand of acid (7)
 P - a wand of flame (16)
 U - a wand of polymorph (5)
Scrolls
 g - 9 scrolls of remove curse
 j - a scroll of holy word {unknown}
 k - 8 scrolls of teleportation
 l - 3 scrolls of enchant weapon {unknown}
 s - 2 scrolls of amnesia {unknown}
 t - 3 scrolls of enchant armour {unknown}
 u - 7 scrolls of magic mapping {unknown}
 v - 3 scrolls of blinking {unknown}
 O - 2 scrolls of fog {unknown}
 T - a scroll of noise {unknown}
 Y - a scroll of brand weapon {unknown}
Potions
 e - 3 potions of curing
 f - a potion of lignification
 i - 2 potions of cancellation
 m - 2 potions of mutation
 n - 2 potions of invisibility
 r - a potion of stabbing
 z - 3 potions of brilliance
 D - 3 potions of might
 H - 2 potions of flight
 S - a potion of berserk rage
 X - a potion of magic {unknown}


   Skills:
 + Level 14.2 Fighting
 - Level 5.0 Throwing
 + Level 10.4 Dodging
 - Level 0.6 Stealth


You had 9 spell levels left.
You didn't know any spells.
Your spell library contained the following spells:

 Spells                   Type           Power        Failure   Level
 Animate Skeleton         Necr           #.....       38%         1
 Pain                     Necr           #...         38%         1
 Confusing Touch          Hex            #.......     77%         3
 Gell's Gravitas          Tloc           #.........   77%         3
 Vampiric Draining        Necr           #.........   77%         3
 Animate Dead             Necr           #.........   99%         4
 Petrify                  Tmut/Erth      #.......     99%         4
 Agony                    Necr           #.......     100%        5
 Metabolic Englaciation   Hex/Ice        #.........   100%        5
 Yara's Violent Unravell  Hex/Tmut       #.........   100%        5


Dungeon Overview and Level Annotations

Branches:
Dungeon (10/15)            Temple (1/1) D:4            Lair (0/6) D:8
    Orc (0/2) D:10

Altars:
Ashenzari
Cheibriados
Dithmenos
Elyvilon
Fedhas
Gozag
Hepliaklqana
Kikubaaqudgha
Makhleb
Nemelex Xobeh
Okawaru
Qazlal
Ru
Sif Muna
Trog
Uskayaw
Vehumet
Wu Jian
Xom
Yredelemnul
Zin
The Shining One

Shops:
D:7 !

Annotations:
D:2 Robin


Innate Abilities, Weirdness & Mutations

You are too large for most types of armour.
You have tough skin. (AC +1)
Your life essence is reduced to manifest your ancestor. (-10% HP)


Message History

* * * LOW HITPOINT WARNING * * *
The guardian serpent barely misses you. The centaur completely misses you.
The guardian serpent hits you but does no damage.
The centaur hits you but does no damage.
The guardian serpent hits you!
* * * LOW HITPOINT WARNING * * *
You feel much better.
You feel very sick. The centaur hits you.
* * * LOW HITPOINT WARNING * * *
The guardian serpent hits you but does no damage.
The centaur hits you but does no damage.
The guardian serpent casts a spell at you.
The bolt of poison hits you!
You are lethally poisoned!
* * * LOW HITPOINT WARNING * * *
You feel better. The centaur misses you. The guardian serpent hits you!
* * * LOW HITPOINT WARNING * * *
The centaur completely misses you. The guardian serpent hits you!
You die...

#.## #.## #### #..###
###..#
##...#########...##
###...........###
################### #.#
####........ #.##
#.........# ####..##
#...@S....#
.......####..(.c....#
#.####........(.......#
#.........###.......#.#
#.####.##.# #...[.....#
#.####.##.# #..........
#.##..)##.#
####.#.....#
#.##.####.# #.......$
#.##.# #.# ##.....


You could see a guardian serpent (drained) and a centaur.

Vanquished Creatures
  Maggie (D:8)
  A troll (D:9)
  A wyvern (D:10)
  A steam dragon (D:7)
  2 porcupines (D:8)
  A sky beast (D:5)
  3 orc warriors
  4 phantoms
  3 ogres
  A centaur (D:9)
  4 bullfrogs
  4 killer bees (D:7)
  3 wights
  6 howler monkeys
  3 bullfrog zombies
  A hound (D:7)
  4 orc priests
  3 bullfrog skeletons
  A gnoll shaman (D:10)
  10 orc wizards
  Crazy Yiuf (D:3)
  An iguana (D:10)
  A worker ant (D:4)
  A hound skeleton (D:7)
  5 gnolls
  6 adders
  A shadow imp (D:8)
  2 white imps (D:6)
  3 ufetubi
  4 oozes
  4 adder skeletons
  3 worms (D:3)
  A leopard gecko (D:3)
  43 orcs
  7 ball pythons
  8 giant cockroaches
  18 goblins
  19 hobgoblins
  10 jackals
  2 quokkas
  12 bats
  6 frilled lizards
  A jackal skeleton (D:4)
  3 kobolds (D:3)
  10 rats
229 creatures vanquished.

Vanquished Creatures (collateral kills)
  A guardian serpent (D:10)
  An efreet (D:9)
  A hornet (D:8)
  A hippogriff (D:7)
  2 orc warriors
  An ice beast (D:6)
  A phantom (D:7)
  A black bear (D:10)
  An ogre (D:9)
  3 bullfrogs
  3 wights
  2 howler monkeys
  A bullfrog zombie (D:10)
  2 hounds
  2 orc priests
  A bullfrog skeleton (D:10)
  A centaur skeleton (D:6)
  7 orc wizards
  A worker ant (D:6)
  3 gnolls
  2 adders
  An ooze (D:6)
  An adder zombie (D:5)
  2 adder skeletons
  A worm (D:7)
  18 orcs
61 creatures vanquished.

Vanquished Creatures (others)
  4 hexers
  7 fungi (D:8)
  5 plants (D:8)
16 creatures vanquished.

Grand Total: 306 creatures vanquished

Notes
Turn   | Place    | Note
-------+----------+-------------------------------------------
     0 | D:1      | ReteAZ the Ogre Hunter began the quest for the Orb.
     0 | D:1      | Reached XP level 1. HP: 22/22 MP: 1/1
   237 | D:1      | Reached skill level 3 in Fighting
   393 | D:1      | Reached XP level 2. HP: 31/31 MP: 2/2
  1261 | D:1      | Reached XP level 3. HP: 37/37 MP: 3/3
  1759 | D:2      | Found a shimmering blue altar of Sif Muna.
  1924 | D:2      | Noticed Robin
  2242 | D:2      | Reached XP level 4. HP: 48/48 MP: 4/4
  2435 | D:2      | Reached skill level 4 in Fighting
  3079 | D:3      | Reached XP level 5. HP: 55/55 MP: 5/5
  3457 | D:3      | Reached skill level 5 in Throwing
  3527 | D:3      | Found a runed translucent door.
  3528 | D:3      | Noticed Crazy Yiuf
  4004 | D:3      | Reached skill level 5 in Fighting
  4214 | D:3      | Killed Crazy Yiuf
  4439 | D:4      | Reached XP level 6. HP: 36/66 MP: 6/6
  4749 | D:4      | Found a staircase to the Ecumenical Temple.
  4758 | Temple   | Entered the Ecumenical Temple
  4978 | Temple   | Became a worshipper of Hepliaklqana the Forgotten
  5227 | D:4      | Reached skill level 6 in Fighting
  5823 | D:4      | Found a shattered altar of Ashenzari.
  6109 | D:5      | Entered Level 5 of the Dungeon
  6109 | D:5      | Reached * piety under Hepliaklqana
  6359 | D:5      | Noticed a sky beast
  6369 | D:5      | Killed a sky beast
  6369 | D:5      | Reached XP level 7. HP: 48/68 MP: 7/7
  6883 | D:6      | Reached skill level 7 in Fighting
  6938 | D:6      | Found a burning altar of Makhleb.
  6938 | D:6      | Reached ** piety under Hepliaklqana
  6938 | D:6      | Found an ornate altar of the Wu Jian Council.
  6939 | D:6      | Remembered your ancestor Keminub as a hexer
  6953 | D:6      | Reached skill level 5 in Dodging
  7065 | D:6      | Found an opulent altar of Gozag.
  7268 | D:6      | Reached skill level 8 in Fighting
  7271 | D:6      | Reached XP level 8. HP: 61/79 MP: 6/8
  7680 | D:6      | Reached skill level 9 in Fighting
  8144 | D:7      | Reached skill level 10 in Fighting
  8183 | D:7      | Reached XP level 9. HP: 70/90 MP: 9/9
  8332 | D:7      | Found a snail-covered altar of Cheibriados.
  8602 | D:7      | Reached skill level 11 in Fighting
  8728 | D:7      | Reached *** piety under Hepliaklqana
  8809 | D:7      | Found Ecveurymos's Distillery.
  8825 | D:7      | Bought a potion of heal wounds for 70 gold pieces
  9209 | D:7      | Found a shadowy altar of Dithmenos.
  9447 | D:8      | Noticed Maggie
  9449 | D:8      | Noticed a hornet
  9455 | D:8      | Killed a hornet
  9455 | D:8      | Reached skill level 12 in Fighting
  9556 | D:8      | Found a glowing silver altar of Zin.
  9634 | D:8      | Reached XP level 10. HP: 105/105 MP: 10/10
  9665 | D:8      | Killed Maggie
  9666 | D:8      | Found a bloodstained altar of Trog.
  9722 | D:8      | Found a staircase to the Lair.
  9815 | D:8      | Found an iron altar of Okawaru.
 10224 | D:9      | Reached skill level 13 in Fighting
 10437 | D:9      | Reached **** piety under Hepliaklqana
 10872 | D:9      | Found a shimmering blue altar of Sif Muna.
 10894 | D:9      | Got an ancient cloak
 10906 | D:9      | Identified the cursed +0 cloak of Forking Paths {rC++ SInv}
                  | (You found it on level 9 of the Dungeon)
 11024 | D:10     | Entered Level 10 of the Dungeon
 11053 | D:10     | Noticed a guardian serpent
 11065 | D:10     | Killed a guardian serpent
 11065 | D:10     | Reached skill level 10 in Dodging
 11458 | D:10     | Reached skill level 14 in Fighting
 11604 | D:10     | Found a staircase to the Orcish Mines.
 11883 | D:10     | Noticed a guardian serpent
 11889 | D:10     | HP: 3/109 [guardian serpent (11)]
 11891 | D:10     | Slain by a guardian serpent

Illustrated notes

Levels and vault maps discovered:
D:1:      dpeg_arrival_water_temple_mockup, layout_basic, st_stairs_4
D:2:      layout_loops_cross, lemuel_crystal_altar, corexii_leaking_fountain,
          uniq_robin
D:3:      minmay_thinvault, layout_basic, kennysheep_generic_room_2,
          uniq_crazy_yiuf_cottage
D:4:      layout_basic, kennysheep_mini, minmay_temple_entry_large_hall,
          minmay_manual_monstrance
D:5:      layout_gridville
D:6:      layout_rooms, chequers_temple_overflow_statue_of_worship
D:7:      layout_layer_cave, slow_altar_1, grunt_dithmenos_shadows,
          serial_shops, shop
D:8:      layout_rooms, zin_statuary, old_standard_altar,
          grunt_lair_entry_orc_guard_hut, basic_altar, uniq_maggie
D:9:      layout_basic, basic_altar
D:10:     nrook_guardian_serpent_snake_passage, layout_loops_ring,
          hiddenorc2_lemuel
Temple:   nicolae_temple_figure_eight

Skill      XL: |  1  2  3  4  5  6  7  8  9 10 |
---------------+-------------------------------+-----
Fighting       | 3 4 5 6 8 10 12 14 | 14.2
Dodging        | 2 3 4 5 7 8 10 | 10.4
Throwing       | 5 |  5.0
Stealth        | |  0.6

Action                   |  1- 3 |  4- 6 |  7- 9 | 10-12 || total
-------------------------+-------+-------+-------+-------++-------
Melee: Short sword       |    73 |       |       |       ||    73
       Dagger            |    83 |   208 |    31 |       ||   322
       Long sword        |       |       |   198 |     7 ||   205
       Giant spiked club |       |       |       |   153 ||   153
       Halberd           |       |       |       |    57 ||    57
Throw: Boomerang         |     7 |    74 |    26 |     5 ||   112
       Dart              |       |     5 |       |       ||     5
Invok: Recall Ancestor   |       |       |     1 |       ||     1
       Ancestor Life: He |       |       |     1 |       ||     1
Evoke: Wand              |       |       |     5 |       ||     5
  Use: Scroll            |       |     1 |     2 |     9 ||    12
       Potion            |       |       |     3 |     2 ||     5
 Stab: Sleeping          |     1 |     3 |     1 |       ||     5
       Distracted        |       |     1 |     3 |     1 ||     5
       Invisible         |       |     1 |       |       ||     1
       Confused          |       |       |     2 |     1 ||     3
Armor: Robe              |    81 |    59 |    49 |       ||   189
       Acid dragon scale |       |       |       |    77 ||    77
Dodge: Dodged            |   123 |   116 |   208 |   297 ||   744
       Rpst.: Long sword |       |       |    47 |       ||    47

Table legend: (Time is in decaauts)
 A = Elapsed time spent in this place.
 B = Non-inter-level travel time spent in this place.
 C = Inter-level travel time spent in this place.
 D = Time resting spent in this place.
 E = Time spent auto-exploring this place.
 F = Levels seen in this place.
 G = Mean time per level.
                   A        B        C        D        E       F      G
               +--------+--------+--------+--------+--------+-----+--------+
         Total |  12139 |  11722 |    417 |   1674 |   7832 |  11 | 1103.5 |
       Dungeon |  11882 |  11532 |    350 |   1674 |   7645 |  10 | 1188.2 |
        Temple |    256 |    189 |     67 |      0 |    187 |   1 |  256.0 |
               +--------+--------+--------+--------+--------+-----+--------+

Top non-repeatable levels by time:
     D:3: 1890 daAuts
     D:1: 1570 daAuts
     D:7: 1493 daAuts
     D:4: 1448 daAuts
     D:5: 1186 daAuts
     D:9: 998 daAuts
    D:10: 964 daAuts
     D:2: 959 daAuts
     D:6: 700 daAuts
     D:8: 670 daAuts
  Temple: 256 daAuts
